 Dungeon Crawl Stone Soup version 0.28.0-53-g5a82cb258f (webtiles) character file.

Game seed: 10925906999371498137

2875 Woods the Martial Artist (level 9, -9/68 HPs)
             Began as a Gnoll Transmuter on June 7, 2022.
             Was a Follower of Cheibriados.
             Shot with a sling bullet by Joseph (19 damage)
             ... on level 8 of the Dungeon.
             The game lasted 00:20:00 (9822 turns).

Woods the Martial Artist (Gnoll Transmuter)         Turns: 9822, Time: 00:20:01

Health: -9/68      AC: 12    Str: 11    XL:     9   Next: 76%
Magic:  19/19      EV: 15    Int: 18    God:    Cheibriados [*.....]
Gold:   419        SH:  5    Dex: 16    Spells: 15/21 levels left

rFire   . . .      SeeInvis .     - Unarmed
rCold   . . .      Faith    .   (no shield)
rNeg    . . .      Spirit   .   a - +0 robe
rPois   .          Reflect  +   F - +0 helmet
rElec   .          Harm     .   h - +2 cloak
rCorr   .          Rampage  .   (no gloves)
Will    .....                   g - +0 pair of boots
Stlth   +++.......              t - amulet of reflection
HPRegen 0.21/turn               q - +4 ring of protection
MPRegen 0.16/turn               (no ring)

@: very slow
A: fangs 1, strong nose, distributed training
a: Renounce Religion, Bend Time


You were on level 8 of the Dungeon.
You worshipped Cheibriados.
Cheibriados was aware of your devotion.
You visited 2 branches of the dungeon, and saw 9 of its levels.

You collected 419 gold pieces.

Inventory:

Armour
 a - a +0 robe (worn)
 g - a +0 pair of boots (worn)
 h - a +2 cloak (worn)
 w - a +0 scale mail
 x - a +0 chain mail
 y - a +0 plate armour
 F - a +0 helmet (worn)
Jewellery
 q - a +4 ring of protection (left hand)
 t - an amulet of reflection (around neck)
 B - an amulet of faith
Wands
 v - a wand of mindburst (18)
 D - a wand of iceblast (12)
Scrolls
 b - 2 scrolls of enchant armour
 f - a scroll of fog
 j - a scroll of vulnerability
 m - 2 scrolls of enchant weapon
 n - 2 scrolls of amnesia
 o - 2 scrolls of teleportation
 p - a scroll of fear {unknown}
 s - 2 scrolls of magic mapping {unknown}
 E - 3 scrolls of blinking
Potions
 c - 3 potions of might
 d - 3 potions of curing
 e - a potion of resistance {unknown}
 i - 3 potions of heal wounds {unknown}
 k - 2 potions of attraction {unknown}
 l - 3 potions of flight {unknown}
 r - a potion of lignification {unknown}
 u - a potion of ambrosia {unknown}
 z - a potion of mutation {unknown}
 C - a potion of brilliance {unknown}


   Skills:
 + Level 5.3 Fighting
 + Level 4.5 Short Blades
 + Level 4.5 Long Blades
 + Level 4.5 Axes
 + Level 4.5 Maces & Flails
 + Level 4.5 Polearms
 + Level 4.5 Staves
 + Level 4.5 Slings
 + Level 4.5 Bows
 + Level 4.5 Crossbows
 + Level 4.5 Throwing
 + Level 4.5 Armour
 + Level 6.5 Dodging
 + Level 4.5 Stealth
 + Level 4.5 Shields
 + Level 8.0 Unarmed Combat
 + Level 6.8 Spellcasting
 + Level 3.7 Conjurations
 + Level 3.7 Hexes
 + Level 3.7 Summonings
 + Level 3.7 Necromancy
 + Level 3.7 Translocations
 + Level 5.4 Transmutations
 + Level 3.7 Fire Magic
 + Level 3.7 Ice Magic
 + Level 3.7 Air Magic
 + Level 3.7 Earth Magic
 + Level 3.7 Poison Magic
 + Level 5.0 Invocations
 + Level 4.5 Evocations


You had 15 spell levels left.
You knew the following spells:

 Your Spells              Type           Power      Damage    Failure   Level
a - Beastly Appendage     Tmut           50%        N/A       1%          1
b - Wereblood             Tmut           25%        N/A       1%          2
c - Spider Form           Tmut/Pois      22%        N/A       4%          3

Your spell library contained the following spells:

 Spells                   Type           Power      Damage    Failure   Level
 Foxfire                  Conj/Fire      76%        2x1d7     2%          1
 Blink                    Tloc           38%        N/A       3%          2
 Conjure Flame            Conj/Fire      19%        6-21      7%          3
 Inner Flame              Hex/Fire       19%        N/A       7%          3
 Ice Form                 Ice/Tmut       22%        N/A       17%         4
 Flame Wave               Conj/Fire      19%        2d6       24%         4
 Manifold Assault         Tloc           19%        N/A       54%         5
 Storm Form               Tmut/Air       11%        N/A       100%        7


Dungeon Overview and Level Annotations

Branches:
Dungeon (8/15)             Temple (1/1) D:7
   Lair: D:8-11

Altars:
Ashenzari
Cheibriados
Dithmenos
Elyvilon
Fedhas
Gozag
Hepliaklqana
Kikubaaqudgha
Makhleb
Nemelex Xobeh
Okawaru
Qazlal
Ru
Sif Muna
Trog
Uskayaw
Vehumet
Wu Jian
Xom
Yredelemnul
Zin
The Shining One

Shops:
D:1 *   D:6 :   D:7 :

Annotations:
D:4 3 runed translucent doors, Brotato's ghost, amateur DsAK
D:8 Joseph


Innate Abilities, Weirdness & Mutations

You have very sharp teeth.
Your uncanny sense of smell can sniff out nearby items.
Your experience applies equally to all skills.


Message History

Your transformation is almost over.
Found a scroll labelled DIFONK CAEHOAB.
Your transformation has ended.
Your +2 cloak unmelds from your body.
Your +0 helmet unmelds from your body.
Your +0 pair of boots unmelds from your body.
Your +0 robe unmelds from your body.
Found a fuming purple potion.
Joseph, a Mercenary comes into view.
He is wielding a +0 quarterstaff.
Joseph shouts!
Joseph unwields a +0 quarterstaff.
Joseph wields a +0 hunting sling of freezing.
It is covered in frost.
Joseph shoots a sling bullet.
The sling bullet misses you.
Joseph drinks a potion.
Joseph seems to speed up.
Joseph shoots a sling bullet.
The sling bullet closely misses you.
You see here a scroll labelled DIFONK CAEHOAB.
s - 2 scrolls labelled DIFONK CAEHOAB (gained 1) Joseph shoots a sling bullet.
The sling bullet hits you. The sling bullet freezes you.
Joseph shoots a sling bullet.
The sling bullet barely misses you.
Joseph shoots a sling bullet.
The sling bullet hits you but does no damage.
Joseph shoots a sling bullet.
The sling bullet hits you! The sling bullet freezes you.
Joseph shoots a sling bullet.
The sling bullet barely misses you.
Joseph shoots a sling bullet.
The sling bullet hits you! The sling bullet freezes you.
Joseph shoots a sling bullet.
The sling bullet hits you. The sling bullet freezes you.
Joseph shoots a sling bullet.
The sling bullet hits you! The sling bullet freezes you.
Joseph shoots a sling bullet.
The sling bullet closely misses you.
Joseph smiles happily.
Joseph shoots a sling bullet.
The sling bullet hits you!
* * * LOW HITPOINT WARNING * * *
The sling bullet freezes you.
* * * LOW HITPOINT WARNING * * *
There is a stone staircase leading up here.
Joseph shoots a sling bullet.
The sling bullet hits you!!
You die...

..#.#..........
............. #..
##...##.....
#..##...†#......
.###..#...........#
..............#...#
...............##..
................#
..........@..###...
#............## ...
#.............#....
.................
..................
..................
........@##....#..
..........##..####
#.........# ..#


You could see Joseph (fast).

Vanquished Creatures
  Sigmund (D:6)
  A water moccasin (D:6)
  2 sky beasts
  An ice beast (D:7)
  2 black bears (D:6)
  A necrophage (D:7)
  4 ogres
  A centaur (D:7)
  Blork the orc (D:6)
  4 bullfrogs
  2 gnoll sergeants
  A wyvern zombie (D:7)
  2 scorpions
  A water moccasin zombie (D:6)
  3 wights (D:6)
  A howler monkey (D:6)
  A centaur zombie (D:5)
  A bullfrog zombie (D:5)
  3 hounds
  A jelly (D:4)
  4 orc priests
  4 iguanas
  2 orc wizards (D:5)
  A hound skeleton (D:5)
  Robin (D:2)
  7 adders
  12 gnolls
  A howler monkey skeleton (D:7)
  2 shadow imps
  An ufetubus (D:7)
  3 worms
  19 orcs
  7 ball pythons
  7 endoplasms
  2 giant cockroaches
  16 goblins
  8 hobgoblins
  5 jackals
  7 kobolds
  2 quokkas (D:3)
  3 bats (D:2)
  A frilled lizard (D:3)
  2 rats
151 creatures vanquished.

Vanquished Creatures (others)
  2 fungi (D:2)
  3 plants (D:2)
5 creatures vanquished.

Grand Total: 156 creatures vanquished

Notes
Turn   | Place    | Note
-------+----------+-------------------------------------------
     0 | D:1      | Woods the Gnoll Transmuter began the quest for the Orb.
     0 | D:1      | Reached XP level 1. HP: 17/17 MP: 6/6
   548 | D:1      | Found Tatwiada's Assorted Antiques.
   696 | D:1      | Reached XP level 2. HP: 3/23 MP: 5/7
  1261 | D:2      | Learned a level 2 spell: Wereblood
  1313 | D:2      | Reached XP level 3. HP: 27/28 MP: 9/9
  1315 | D:2      | Reached skill level 5 in Spellcasting
  1561 | D:2      | Noticed Robin
  1568 | D:2      | HP: 1/28 [goblin/+0 club[Robin] (6)]
  2003 | D:2      | Reached skill level 1 in Invocations
  2419 | D:2      | Killed Robin
  2420 | D:2      | Reached skill level 1 in Short Blades
  2420 | D:2      | Reached skill level 1 in Long Blades
  2420 | D:2      | Reached skill level 1 in Axes
  2420 | D:2      | Reached skill level 1 in Maces & Flails
  2420 | D:2      | Reached skill level 1 in Polearms
  2420 | D:2      | Reached skill level 1 in Staves
  2420 | D:2      | Reached skill level 1 in Slings
  2420 | D:2      | Reached skill level 1 in Bows
  2420 | D:2      | Reached skill level 1 in Crossbows
  2420 | D:2      | Reached skill level 1 in Throwing
  2420 | D:2      | Reached skill level 1 in Armour
  2420 | D:2      | Reached skill level 1 in Stealth
  2420 | D:2      | Reached skill level 1 in Shields
  2420 | D:2      | Reached skill level 1 in Evocations
  2420 | D:2      | Reached XP level 4. HP: 20/34 MP: 8/11
  2793 | D:2      | Found a faded altar of an unknown god.
  2942 | D:2      | Reached skill level 1 in Conjurations
  2942 | D:2      | Reached skill level 1 in Hexes
  2942 | D:2      | Reached skill level 1 in Summonings
  2942 | D:2      | Reached skill level 1 in Necromancy
  2942 | D:2      | Reached skill level 1 in Translocations
  2942 | D:2      | Reached skill level 1 in Fire Magic
  2942 | D:2      | Reached skill level 1 in Ice Magic
  2942 | D:2      | Reached skill level 1 in Air Magic
  2942 | D:2      | Reached skill level 1 in Earth Magic
  2942 | D:2      | Reached skill level 1 in Poison Magic
  3430 | D:2      | Reached XP level 5. HP: 40/40 MP: 10/12
  3461 | D:3      | You fall into a shaft and drop 1 floor!
  3756 | D:3      | Learned a level 3 spell: Spider Form
  4198 | D:4      | Reached XP level 6. HP: 44/47 MP: 10/13
  4545 | D:4      | Reached skill level 5 in Dodging
  5279 | D:4      | Found a hide-covered altar of Uskayaw.
  5288 | D:4      | Reached XP level 7. HP: 52/52 MP: 11/15
  5345 | D:4      | Found a runed translucent gate.
  5345 | D:4      | Found a runed translucent gate.
  5346 | D:4      | Found a runed translucent gate.
  5348 | D:4      | Noticed Brotato's ghost (amateur DsAK)
  5428 | D:4      | Reached skill level 7 in Unarmed Combat
  5664 | D:5      | Entered Level 5 of the Dungeon
  6462 | D:5      | Reached XP level 8. HP: 60/60 MP: 12/16
  6561 | D:5      | Noticed a yak
  6561 | D:5      | Noticed a yak
  6562 | D:5      | Noticed a yak
  7045 | D:6      | Noticed Sigmund
  7055 | D:6      | Noticed Blork the orc
  7057 | D:6      | Killed Sigmund
  7943 | D:6      | Reached XP level 9. HP: 49/66 MP: 15/18
  8068 | D:6      | Reached skill level 5 in Transmutations
  8092 | D:6      | Found Kefeyg Beymm's Book Shoppe.
  8236 | D:6      | Killed Blork the orc
  8599 | D:7      | Found a staircase to the Ecumenical Temple.
  8649 | Temple   | Entered the Ecumenical Temple
  8912 | Temple   | Became a worshipper of Cheibriados the Contemplative
  8996 | D:7      | Reached skill level 5 in Fighting
  9049 | D:7      | Found Guxkami's Book Shop.
  9547 | D:7      | Reached skill level 8 in Unarmed Combat
  9637 | D:7      | Reached * piety under Cheibriados
  9655 | D:7      | Reached skill level 5 in Invocations
  9811 | D:8      | Noticed Joseph
  9822 | D:8      | Shot with a sling bullet by Joseph

Illustrated notes

Levels and vault maps discovered:
D:1:      nicolae_arrival_somewhat_less_tricky_arrival, layout_basic,
          serial_shops, shop_fountains
D:2:      layout_basic, shapermc_ecumenical_altar_mp_urbaneastern, uniq_robin
D:3:      layout_rooms, serial_aquarium, aquarium_bridge_long_joined
          [aquarium_subvault_wall, aquarium_subvault_bridge,
          aquarium_subvault_bridge, aquarium_subvault_wall,
          aquarium_subvault_wall, aquarium_subvault_wall],
          aquarium_bridge_square [aquarium_subvault_wall,
          aquarium_subvault_wall, aquarium_subvault_balcony,
          aquarium_subvault_bridge], aquarium_window_1, aquarium_window_fake,
          aquarium_window_3, aquarium_window_1, aquarium_view_4,
          aquarium_view_2e, aquarium_balcony_5b, bh_walls_and_bars
D:4:      layout_loops_cross, lemuel_doored_altar, gammafunk_ghost_necromancy,
          solitary_fountain
D:5:      layout_gridville, hex_tiny, nicolae_concentric_dashed_squares_wild,
          kennysheep_decorative_pillar
D:6:      layout_loops_corners, serial_shops, shop, uniq_sigmund,
          uniq_blork_the_orc
D:7:      layout_rooms, temple_pool_b, serial_shops, nicolae_shop_crystal,
          kennysheep_opposing_triangles
D:8:      layout_cave_pools, serial_shops, shop, uniq_joseph, uniq_grum
Temple:   mainiacjoe_temple_hex_bubbles

Skill      XL: |  1  2  3  4  5  6  7  8  9 |
---------------+----------------------------+-----
Spellcasting   | 5 6 |  6.8
Invocations    | 1 2 3 4 5 |  5.0
Short Blades   | 1 2 3 4 |  4.5
Long Blades    | 1 2 3 4 |  4.5
Axes           | 1 2 3 4 |  4.5
Maces & Flails | 1 2 3 4 |  4.5
Polearms       | 1 2 3 4 |  4.5
Staves         | 1 2 3 4 |  4.5
Slings         | 1 2 3 4 |  4.5
Bows           | 1 2 3 4 |  4.5
Crossbows      | 1 2 3 4 |  4.5
Throwing       | 1 2 3 4 |  4.5
Armour         | 1 2 3 4 |  4.5
Stealth        | 1 2 3 4 |  4.5
Shields        | 1 2 3 4 |  4.5
Evocations     | 1 2 3 4 |  4.5
Conjurations   | 1 2 3 |  3.7
Hexes          | 1 2 3 |  3.7
Summonings     | 1 2 3 |  3.7
Necromancy     | 1 2 3 |  3.7
Translocations | 1 2 3 |  3.7
Fire Magic     | 1 2 3 |  3.7
Ice Magic      | 1 2 3 |  3.7
Air Magic      | 1 2 3 |  3.7
Earth Magic    | 1 2 3 |  3.7
Poison Magic   | 1 2 3 |  3.7
Fighting       | 3 4 5 |  5.3
Transmutations | 4 5 |  5.4
Dodging        | 5 6 |  6.5
Unarmed Combat | 7 8 |  8.0

Action                   |  1- 3 |  4- 6 |  7- 9 || total
-------------------------+-------+-------+-------++-------
Melee: Unarmed           |    87 |   161 |   296 ||   544
       Kick              |    12 |    17 |     4 ||    33
       Bite              |     6 |    13 |     6 ||    25
       Punch             |     6 |     3 |     2 ||    11
       Headbutt          |     5 |    15 |     7 ||    27
 Cast: Beastly Appendage |    18 |    18 |     5 ||    41
       Wereblood         |     1 |       |       ||     1
       Spider Form       |       |    12 |    41 ||    53
 Abil: End Transformatio |       |       |     2 ||     2
Evoke: Wand              |       |       |     1 ||     1
  Use: Scroll            |       |       |    10 ||    10
 Stab: Sleeping          |     3 |     1 |     4 ||     8
Armor: Robe              |    27 |    22 |    13 ||    62
       Skin              |       |     2 |    18 ||    20
Dodge: Dodged            |    63 |   120 |   241 ||   424
Block: Other             |       |       |    33 ||    33
